Map: Frozen Temple

Players

JPlex - Winner!

  • Race: Protoss Protoss
  • League: Diamond

ShookNasty

  • Race: Protoss Protoss
  • League: Diamond

VOD

Have the link to the VOD?

Description

Time

  • Played on: July 30, 2016, 10:29 a.m.
  • Length: 14:04
Show
View Real Time Build Order
Export as new Build Order

JPlex Protoss - Winner!

Build Orders:  

Get SALT Encoding   

  12  0:01  Probe (Chrono Boost)  
  13  0:12  Probe (Chrono Boost)  
  14  0:19  Pylon  
  14  0:22  Probe (Chrono Boost)  
  15  0:37  Probe (Chrono Boost)  
  15  0:38  Gateway  
  16  0:43  Assimilator  
  16  0:47  Probe (Chrono Boost)  
  17  0:58  Probe (Chrono Boost)  
  17  0:59  Assimilator  
  18  1:09  Probe (Chrono Boost)  
  19  1:19  Probe (Chrono Boost)  
  19  1:25  Gateway  
  20  1:29  Cybernetics Core  
  20  1:30  Probe (Chrono Boost)  
  21  1:38  Pylon  
  21  1:40  Probe (Chrono Boost)  
  22  1:51  Probe (Chrono Boost)  
  24  2:01  Probe (Chrono Boost)  
  24  2:02  Pylon  
  24  2:12  Stalker x2  
  24  2:14  Warp Gate  
  28  2:18  Mothership Core (Chrono Boost)  
  30  2:36  Probe (Chrono Boost)  
  31  2:37  Twilight Council  
  31  2:45  Stalker  
  31  2:47  Probe (Chrono Boost)  
  31  2:48  Stalker  
  36  3:14  Robotics Facility  
  36  3:21  Pylon  
  36  3:31  Sentry  
  38  3:44  Sentry  
  40  4:00  Gateway  
  40  4:07  Observer  
  40  4:09  Nexus  
  41  4:12  Pylon  
  41  4:27  Probe (Chrono Boost)  
  41  4:29  Immortal  
  41  4:30  Stalker  
  48  4:38  Probe (Chrono Boost)  
  49  4:46  Blink  
  49  4:48  Probe (Chrono Boost)  
  50  4:59  Probe (Chrono Boost)  
  51  5:07  Pylon  
  51  5:09  Gateway  
  51  5:10  Probe (Chrono Boost)  
  52  5:14  Gateway  
  52  5:20  Probe (Chrono Boost)  
  52  5:24  Probe (Chrono Boost)  
  53  5:28  Gateway  
  53  5:31  Probe (Chrono Boost)  
  53  5:34  Probe (Chrono Boost)  
  55  5:36  Immortal  
  55  5:42  Forge  
  59  5:49  Assimilator  
  59  5:51  Assimilator  
  59  5:52  Probe (Chrono Boost)  
  59  5:53  Probe (Chrono Boost)  
  62  6:04  Probe (Chrono Boost)  
  62  6:05  Probe (Chrono Boost)  
  63  6:16  Probe x2 (Chrono Boost)  
  60  6:37  Protoss Ground Weapons Level 1  
  60  6:43  Immortal  
  60  6:44  Stalker x3  
  70  7:02  Nexus  
  70  7:03  Pylon  
  70  7:09  Charge  
  70  7:11  Pylon  
  70  7:14  Pylon  
  70  7:21  Probe (Chrono Boost)  
  72  7:23  Probe (Chrono Boost)  
  72  7:28  Stalker x3  
  78  7:32  Probe (Chrono Boost)  
  78  7:35  Probe (Chrono Boost)  
  80  7:42  Probe (Chrono Boost)  
  80  7:44  Robotics Facility  
  81  7:47  Probe (Chrono Boost), Observer  
  83  7:53  Probe (Chrono Boost)  
  83  7:56  Stalker x2  
  88  8:03  Probe (Chrono Boost)  
  88  8:04  Probe (Chrono Boost)  
  90  8:08  Observer  
  91  8:14  Probe (Chrono Boost)  
  91  8:15  Probe (Chrono Boost)  
  91  8:16  Probe (Chrono Boost)  
  94  8:20  Pylon  
  94  8:24  Probe (Chrono Boost), Stalker  
  94  8:25  Probe (Chrono Boost), Stalker  
  101  8:28  Probe (Chrono Boost)  
  100  8:35  Probe (Chrono Boost)  
  101  8:53  Immortal x2  
  109  8:57  Zealot x4  
  117  9:03  Pylon  
  117  9:05  Assimilator  
  117  9:08  Assimilator  
  117  9:22  Probe (Chrono Boost)  
  117  9:23  Probe (Chrono Boost)  
  107  9:43  Zealot x3  
  107  9:44  Zealot x3  
  115  10:19  Pylon  
  113  10:24  Pylon  
  113  10:25  Pylon  
  113  10:26  Pylon  
  113  10:43  Probe x2 (Chrono Boost)  
  113  10:45  Probe (Chrono Boost)  
  113  10:47  Nexus  
  112  10:51  Dark Shrine  
  112  10:53  Probe x2 (Chrono Boost)  
  112  10:54  Gateway  
  112  10:55  Gateway  
  112  10:56  Gateway  
  112  10:57  Probe (Chrono Boost)  
  115  11:02  Pylon  
  115  11:05  Pylon  
  115  11:07  Probe x2 (Chrono Boost), Pylon  
  115  11:09  Pylon  
  117  11:12  Pylon  
  117  11:13  Probe (Chrono Boost)  
  117  11:14  Pylon  
  117  11:17  Probe x2 (Chrono Boost)  
  120  11:19  Warp Prism  
  120  11:22  Immortal, Pylon  
  120  11:23  Pylon  
  120  11:24  Zealot, Pylon  
  120  11:25  Zealot  
  130  11:37  Protoss Ground Weapons Level 2  
  114  11:46  Zealot x3  
  114  11:47  Zealot x3  
  126  11:56  Observer  
  126  11:59  Probe (Chrono Boost)  
  126  12:00  Probe (Chrono Boost)  
  129  12:01  Immortal  
  129  12:03  Nexus  
  131  12:17  Immortal  
  131  12:25  Zealot x2  
  131  12:26  Zealot x5  
  131  12:27  Zealot x2  
  149  12:34  Probe x2 (Chrono Boost)  
  149  12:35  Probe (Chrono Boost)  
  152  12:41  Immortal  
  156  12:47  Probe (Chrono Boost)  
  157  12:56  Immortal  
  161  13:00  Dark Templar x2  
  161  13:01  Dark Templar x2  
  161  13:02  Zealot  
  155  13:36  Dark Templar x6  
  155  13:37  Dark Templar x3  
  174  14:00  Assimilator  
  175  14:02  Assimilator  
Show
View Real Time Build Order
Export as new Build Order

ShookNasty Protoss 

Build Orders:  

Get SALT Encoding   

  12  0:01  Probe (Chrono Boost)  
  13  0:12  Probe (Chrono Boost)  
  14  0:18  Pylon  
  14  0:23  Probe (Chrono Boost)  
  15  0:36  Probe (Chrono Boost)  
  15  0:40  Gateway  
  16  0:46  Assimilator  
  17  0:50  Probe (Chrono Boost)  
  17  1:05  Gateway  
  17  1:08  Probe (Chrono Boost)  
  18  1:12  Assimilator  
  18  1:23  Pylon  
  18  1:31  Cybernetics Core  
  18  1:35  Probe (Chrono Boost)  
  19  1:51  Probe (Chrono Boost)  
  20  2:08  Probe (Chrono Boost)  
  21  2:09  Warp Gate  
  21  2:10  Stalker x2  
  25  2:19  Probe (Chrono Boost)  
  26  2:33  Mothership Core (Chrono Boost)  
  26  2:36  Pylon  
  28  2:43  Stalker  
  30  2:54  Stalker  
  32  3:06  Pylon  
  32  3:07  Probe (Chrono Boost)  
  33  3:16  Robotics Facility  
  33  3:19  Gateway  
  33  3:34  Probe (Chrono Boost)  
  34  3:39  Stalker x2  
  38  4:00  Pylon  
  38  4:01  Observer  
  38  4:22  Sentry x2  
  42  4:32  Stalker  
  42  4:33  Nexus  
  42  4:36  Pylon  
  44  4:40  Pylon  
  45  4:46  Probe (Chrono Boost)  
  45  4:52  Observer  
  47  5:01  Probe (Chrono Boost)  
  47  5:05  Stalker  
  47  5:06  Stalker  
  51  5:13  Probe (Chrono Boost)  
  52  5:25  Probe (Chrono Boost)  
  52  5:26  Stalker  
  55  5:41  Stalker, Twilight Council  
  57  5:46  Stalker  
  59  5:53  Probe (Chrono Boost)  
  59  5:54  Probe (Chrono Boost)  
  61  6:03  Probe (Chrono Boost)  
  62  6:06  Probe (Chrono Boost)  
  49  6:29  Blink  
  45  6:38  Stalker x3  
  45  6:43  Probe (Chrono Boost)  
  45  6:45  Probe (Chrono Boost)  
  47  6:50  Assimilator  
  47  6:52  Assimilator  
  47  6:54  Probe (Chrono Boost)  
  48  6:57  Probe (Chrono Boost)  
  48  6:58  Gateway  
  49  7:07  Probe (Chrono Boost)  
  51  7:09  Probe (Chrono Boost)  
  51  7:17  Stalker x3  
  57  7:36  Robotics Bay  
  57  7:42  Stalker  
  57  7:43  Stalker, Gateway x2  
  61  7:48  Gateway  
  61  7:55  Stalker x2  
  65  8:20  Nexus, Pylon  
  60  8:42  Disruptor  
  63  8:51  Stalker x3  
  69  8:56  Nexus  
  69  9:00  Pylon  
  69  9:04  Probe (Chrono Boost)  
  69  9:05  Probe (Chrono Boost)  
  71  9:13  Disruptor  
  62  9:37  Gateway  
  48  9:46  Stalker  
  48  9:47  Stalker  
  46  10:32  Probe (Chrono Boost)  
  46  10:33  Probe (Chrono Boost)  
  48  10:42  Probe (Chrono Boost)  
  45  10:45  Probe (Chrono Boost)  
  46  10:50  Disruptor  
  46  10:54  Probe (Chrono Boost)  
  46  10:57  Probe (Chrono Boost), Stalker x4  
  53  10:58  Stalker  
  61  11:16  Probe (Chrono Boost)  
  61  11:17  Probe (Chrono Boost)  
  63  11:31  Mothership Core (Chrono Boost)  
  54  11:46  Disruptor  
  47  11:50  Probe (Chrono Boost)  
  47  11:51  Probe (Chrono Boost)  
  52  12:00  Pylon  
  52  12:20  Warp Prism  
  52  12:21  Probe (Chrono Boost)  
  54  12:23  Probe (Chrono Boost)  
  56  12:32  Probe (Chrono Boost)  
  57  12:38  Nexus  
  57  12:40  Probe (Chrono Boost)  
  57  12:42  Probe (Chrono Boost)  
  59  12:45  Pylon  
  39  13:42  Nexus  
  39  13:43  Dark Shrine  
Tags
 
Add a new tag
Caveats
  • Supply blocks, unpowered buildings, or Contaminate may cause inaccurate times.
  • Supply counts are checked every 10 seconds.